 Dungeon Crawl Stone Soup version 0.29.1-1-gd02db6906a (webtiles) character file.

Game seed: 3159118940714816331

5252 Jakudza the Zephyrmancer (level 10, -3/59 HPs)
             Began as a Tengu Air Elementalist on Oct 10, 2022.
             Was a Believer of Ashenzari.
             Engulfed by a steam dragon's steam (10 damage)
             ... on level 9 of the Dungeon.
             The game lasted 00:23:05 (10210 turns).

Jakudza the Zephyrmancer (Tengu Air Elementalist)  Turns: 10210, Time: 00:23:05

Health: -3/59      AC:  6    Str:  8    XL:     10   Next: 62%
Magic:  9/28       EV: 18    Int: 25    God:    Ashenzari [**....]
Gold:   631        SH:  0    Dex: 16    Spells: 12/19 levels left

rFire   . . .      SeeInvis +   p - +1 scimitar (flame)
rCold   . . .      Faith    .   (no shield)
rNeg    . . .      Spirit   .   f - +2 leather armour of the Prescient Malaise {Cun, Fort} (curse)
rPois   .          Reflect  .   (helmet restricted)
rElec   .          Harm     .   (no cloak)
rCorr   .          Rampage  .   (no gloves)
Will    .....                   (boots unavailable)
Stlth   ++........              (no amulet)
HPRegen 0.19/turn               r - ring of the Bound Annoyance {MP+9, Elem, Bglg} (curse)
MPRegen 0.21/turn               k - ring "Shattered Irritation" {Int+6, Bglg, Self} (curse)

@: lethally poisoned (-3 -> -4), flying quickly and evasively, quick
A: beak, talons 3, nimble flight
a: Renounce Religion, Curse Item, Shatter the Chains


You were on level 9 of the Dungeon.
You worshipped Ashenzari.
Ashenzari was pleased with you.
You visited 1 branch of the dungeon, and saw 9 of its levels.

You collected 631 gold pieces.

Inventory:

Hand Weapons
 p - a +1 scimitar of flaming (weapon)
Armour
 f - the cursed +2 leather armour of the Prescient Malaise (worn) {Cun, Fort}
   (You found it on level 2 of the Dungeon)

   It has a curse which improves the following skills: Cunning: Dodging and
   Stealth.
   Fortitude: Armour and Shields.
Magical Staves
 q - a staff of fire
Jewellery
 k - the cursed ring "Shattered Irritation" (right hand) {Int+6, Bglg, Self}
   (You found it on level 3 of the Dungeon)

   [ring of intelligence]

   Int:       It affects your intelligence (+6).
   It has a curse which improves the following skills: Beguiling: Conjurations,
   Hexes and Translocations.
   Introspection: Fighting and Spellcasting.
 r - the cursed ring of the Bound Annoyance (left hand) {MP+9, Elem, Bglg}
   (You found it on level 7 of the Dungeon)

   [ring of magical power]

   MP:        It affects your magic capacity (+9).
   It has a curse which improves the following skills: Elements: Fire Magic, Ice
   Magic, Air Magic and Earth Magic.
   Beguiling: Conjurations, Hexes and Translocations.
Wands
 a - a wand of iceblast (9)
 n - a wand of polymorph (7)
 t - a wand of flame (23)
 u - a wand of acid (17)
Scrolls
 d - a scroll of fear
 e - 4 scrolls of teleportation
 w - a scroll of summoning
Potions
 b - 4 potions of magic
 j - 4 potions of curing
 l - 3 potions of heal wounds
 m - a potion of invisibility
 o - 2 potions of haste
 s - a potion of cancellation


   Skills:
 - Level 4.3(5.5) Fighting
 + Level 6.1(7.4) Armour
 + Level 6.5(7.8) Dodging
 - Level 2.0(3.0) Stealth
 - Level 4.2(5.4) Spellcasting
 * Level 10.8(12.6) Conjurations
 * Level 11.4(12.6) Air Magic


You had 12 spell levels left.
You knew the following spells:

 Your Spells              Type           Power      Damage    Failure   Level
a - Shock                 Conj/Air       100%       1d9       1%          1
b - Static Discharge      Conj/Air       63%        3-11/arc  1%          2
c - Airstrike             Air            31%        2d(5-21)  1%          4

Your spell library contained the following spells:

 Spells                   Type           Power      Damage    Failure   Level
 Swiftness                Air            63%        N/A       1%          3
 Apportation              Tloc           14%        N/A       10%         1
 Necrotise                Necr           24%        1d5       11%         1
 Summon Small Mammal      Summ           24%        N/A       11%         1
 Gell's Gravitas          Tloc           7%         N/A       30%         3
 Teleport Other           Tloc           7%         N/A       30%         3
 Dispersal                Tloc           3%         N/A       100%        6


Dungeon Overview and Level Annotations

Branches:
Dungeon (9/15)             Temple (0/1) D:6
   Lair: D:8-11         Orc: D:9-12

Altars:
Ashenzari
Trog

Shops:
D:1 [   D:6 :


Innate Abilities, Weirdness & Mutations

You have a beak for a mouth.
You have claws for feet.
Your magical nature lets you fly swiftly and evasively.


Message History

The hornet is struck by an arc of lightning.
The hornet is almost dead.
You are struck by an arc of lightning.
The hornet is struck by an arc of lightning!
You kill the hornet!
You are struck by an arc of lightning.
You are engulfed in a cloud of scalding steam.
You feel very sick.
You feel yourself speed up.
You feel sick.
You are engulfed in a cloud of scalding steam.
* * * LOW HITPOINT WARNING * * *
You feel sick.
Casting: Static Discharge (safe; 1% risk of failure)
Confirm with . or Enter, or press ? or * to list all spells.
Aiming: Airstrike (dangerous; 1% risk of failure)
Press: ? - help, Dir - move target, f - steam dragon
Aim: a steam dragon (empty space bonus: 5/8)
The air twists around and strikes the steam dragon!!
The steam dragon is severely wounded.
You feel sick.
Casting: Airstrike (dangerous; 1% risk of failure)
Confirm with . or Enter, or press ? or * to list all spells.
Aiming: Airstrike (dangerous; 1% risk of failure)
Press: ? - help, Dir - move target, f/p - steam dragon
Aim: a steam dragon (severely wounded, empty space bonus: 6/8)
The air twists around and strikes the steam dragon!
The steam dragon is almost dead.
You feel sick. The steam dragon breathes steam at you.
The ball of steam misses you.
Unknown command.
Casting: Airstrike (dangerous; 1% risk of failure)
Confirm with . or Enter, or press ? or * to list all spells.
Aiming: Airstrike (dangerous; 1% risk of failure)
Press: ? - help, Dir - move target, f/p - steam dragon
Aim: a steam dragon (almost dead, catching its breath, empty space bonus: 6/8)
The air twists around and strikes the steam dragon but does no damage.
You are engulfed in a cloud of scalding steam.
You die...

### #[## #..######
##......## *
#...##..# *
###.(...## ** * ,
####...#### *#.
##...@ยง####..## *
* * ###...D.......
, ,, , , *
#.........##,, * ,
.. #.........#*
..., #........... ,
, , ....
#.........## *,
....# #.........# *
# ,
.....#*#.........#
.
,,.....##.........#
.


You could see a steam dragon (catching breath).

Vanquished Creatures
  Amaemon (D:8)
  Pikel (D:7)
  A manticore (D:8)
  Maggie (D:7)
  An orange demon (D:8)
  Psyche (D:8)
  Prince Ribbit (D:7)
  A hornet (D:9)
  A shadow (D:9)
  Eustachio (D:5)
  A water moccasin (D:9)
  2 black bears
  An orc warrior (D:8)
  A sky beast (D:6)
  2 ice beasts
  A centaur (D:6)
  2 phantoms
  2 bullfrogs
  A necrophage (D:7)
  2 gnoll sergeants
  2 scorpions
  4 wights (D:9)
  2 hounds
  4 jellies
  4 orc priests
  2 gnoll boudas
  3 iguanas
  3 orc wizards
  6 adders
  21 gnolls
  A shadow imp (D:7)
  An adder skeleton (D:3)
  3 worms (D:2)
  3 dart slugs
  23 orcs
  7 bats
  8 endoplasms
  4 giant cockroaches
  A hobgoblin (D:2)
  3 jackals (D:1)
  5 quokkas
  3 ball pythons
  A ball python skeleton (D:3)
  2 frilled lizards (D:3)
  4 goblins
  5 kobolds
  A quokka zombie (D:3)
  7 rats
158 creatures vanquished.

Vanquished Creatures (others)
  A withered plant (D:3)
1 creature vanquished.

Grand Total: 159 creatures vanquished

Notes
Turn   | Place    | Note
-------+----------+-------------------------------------------
     0 | D:1      | Jakudza the Tengu Air Elementalist began the quest for the
                  | Orb.
     0 | D:1      | Reached XP level 1. HP: 10/10 MP: 4/4
    64 | D:1      | Found a faded altar of an unknown god.
   155 | D:1      | Found Puluycag's Armour Shoppe.
   372 | D:1      | Reached XP level 2. HP: 15/15 MP: 1/6
   856 | D:2      | Learned a level 2 spell: Static Discharge
   957 | D:2      | Reached XP level 3. HP: 20/20 MP: 3/7
  1203 | D:2      | Found a bloodstained altar of Trog.
  1483 | D:2      | Reached skill level 1 in Armour
  1895 | D:2      | Reached skill level 1 in Fighting
  2049 | D:3      | Reached XP level 4. HP: 25/25 MP: 6/8
  2288 | D:3      | Reached skill level 5 in Air Magic
  3321 | D:4      | Gained mutation: Your magical nature lets you fly swiftly
                  | and evasively. [Tengu growth]
  3321 | D:4      | Reached XP level 5. HP: 25/29 MP: 2/9
  4148 | D:5      | Entered Level 5 of the Dungeon
  4348 | D:5      | Found a broken altar of Ashenzari.
  4383 | D:5      | Reached XP level 6. HP: 34/34 MP: 3/10
  4441 | D:5      | Became a worshipper of Ashenzari the Shackled
  4834 | D:5      | Reached skill level 6 in Air Magic
  5060 | D:5      | Reached XP level 7. HP: 37/40 MP: 0/12
  5280 | D:5      | Reached skill level 5 in Conjurations
  5316 | D:5      | Noticed Eustachio
  5321 | D:5      | Killed Eustachio
  5321 | D:5      | HP: 2/40 [/static electricity (3)]
  5844 | D:6      | Found Mupp's Self-Improvement Boutique.
  6312 | D:6      | Reached skill level 7 in Air Magic
  6395 | D:6      | Reached XP level 8. HP: 46/46 MP: 6/14
  6629 | D:6      | Learned a level 4 spell: Airstrike
  6878 | D:6      | Found a staircase to the Ecumenical Temple.
  7447 | D:7      | Reached skill level 8 in Air Magic
  7644 | D:7      | Noticed Maggie
  7651 | D:7      | Killed Maggie
  7652 | D:7      | Reached XP level 9. HP: 46/52 MP: 2/16
  7786 | D:7      | Reached * piety under Ashenzari
  7859 | D:7      | Noticed Pikel
  7863 | D:7      | Killed Pikel
  7864 | D:7      | Reached skill level 9 in Air Magic
  7865 | D:7      | Reached skill level 5 in Dodging
  7929 | D:7      | Noticed Prince Ribbit
  7938 | D:7      | Killed Prince Ribbit
  8399 | D:8      | Noticed an orange demon
  8400 | D:8      | Noticed Amaemon
  8408 | D:8      | Killed an orange demon
  8409 | D:8      | Reached skill level 5 in Armour
  8412 | D:8      | Killed Amaemon
  8413 | D:8      | Reached skill level 10 in Air Magic
  8413 | D:8      | Reached XP level 10. HP: 25/59 MP: 5/18
  8824 | D:8      | Noticed a manticore
  8833 | D:8      | Killed a manticore
  8834 | D:8      | Reached skill level 10 in Conjurations
  8840 | D:8      | Reached ** piety under Ashenzari
  9254 | D:8      | Noticed Psyche
  9257 | D:8      | Killed Psyche
  9383 | D:8      | Reached skill level 11 in Air Magic
 10210 | D:9      | Engulfed by a steam dragon's steam

Illustrated notes

Levels and vault maps discovered:
D:1:      lightli_arrival_statue_moat, layout_rooms, serial_shops,
          nicolae_square_shop, chequers_ecumenical_altar_simple_redux,
          minmay_misc_feat_x
D:2:      layout_loops_ring, basic_altar
D:3:      layout_basic, serial_undead, serial_undead_a, serial_undead_c,
          serial_undead_a, serial_undead_c, serial_undead_f, serial_undead_b,
          serial_undead_f, minmay_vboxes
D:4:      layout_basic
D:5:      layout_gridville, nicolae_ashenzari_skybound,
          nicolae_figureground_pulse, uniq_eustachio
D:6:      layout_loops_corners, minmay_temple_entry_waves,
          nicolae_shop_self_help
D:7:      layout_rooms, uniq_prince_ribbit1, uniq_pikel, uniq_maggie
D:8:      layout_rooms, uniq_psyche, uniq_amaemon
D:9:      layout_rooms, orc_0_dummy

Skill      XL: |  1  2  3  4  5  6  7  8  9 10 |
---------------+-------------------------------+-----
Conjurations   | 2 3 4 5 7 9 10 | 10.8
Armour         | 1 2 3 4 5 6 |  6.1
Fighting       | 1 2 3 4 |  4.3
Air Magic      | 5 6 7 8 10 11 | 11.4
Dodging        | 3 4 5 6 |  6.5
Spellcasting   | 3 4 |  4.2
Stealth        | |  2.0

Action                   |  1- 3 |  4- 6 |  7- 9 | 10-12 || total
-------------------------+-------+-------+-------+-------++-------
Melee: Dagger            |     6 |     1 |    15 |       ||    22
       Kick              |     2 |       |     5 |       ||     7
       Peck              |       |       |     2 |       ||     2
 Cast: Shock             |    84 |   120 |   102 |    67 ||   373
       Static Discharge  |     2 |    12 |    21 |    16 ||    51
       Airstrike         |       |       |     7 |    13 ||    20
Invok: Curse Item        |       |       |     2 |     1 ||     3
  Use: Scroll            |     7 |     8 |     7 |       ||    22
       Potion            |       |       |       |     1 ||     1
Armor: Leather armour    |     1 |       |     5 |     1 ||     7
       Robe              |     1 |       |       |       ||     1
Dodge: Dodged            |    12 |    15 |    33 |    21 ||    81
